 Dungeon Crawl Stone Soup version 0.17-a0-1945-gfe993df (webtiles) character file.

265 Ordine the Magician (level 6, -1/32 HPs)
             Began as a Gargoyle Wizard on Oct 1, 2015.
             Killed from afar by an orc wizard (4 damage)
             ... with a magic dart
             ... on level 4 of the Dungeon.
             The game lasted 00:16:28 (2242 turns).

Ordine the Magician (Gargoyle Wizard)               Turns: 2242, Time: 00:16:28

Health: -1/32      AC: 11    Str: 10    XL:     6   Next: 20%
Magic:  1/13       EV: 11    Int: 21    God:
Gold:   62         SH:  0    Dex:  8    Spells: 5 memorised, 4 levels left

rFire  . . .     SeeInvis .     p - +2 club
rCold  . . .     Clarity  .     a - +0 robe
rNeg   + . .     SustAt   .     (no shield)
rPois  ∞         Gourm    .     b - +0 hat
rElec  +         Spirit   .     g - +0 cloak
rCorr  +         Warding  .     (no gloves)
rMut   .         Stasis   .     (no boots)
MR     .....                    m - amulet of resist corrosion
Stlth  ++........               (no ring)
                                l - +4 ring of protection

@: not resistant to hostile enchantments, unstealthy
A: negative energy resistance 1, electricity resistance, unbreathing,
petrification resistance, rot immunity, AC +4
a: no special abilities


You were on level 4 of the Dungeon.
You were not hungry.

You visited 1 branch of the dungeon, and saw 4 of its levels.

You collected 62 gold pieces.

Inventory:

Hand weapons
 e - a +1 short sword
 p - a +2 club (weapon)
Armour
 a - a +0 robe (worn)
 b - a +0 hat (worn)
 g - a +0 cloak (worn)
Jewellery
 i - an uncursed ring of ice {unknown}
 l - a +4 ring of protection (left hand)
 m - an amulet of resist corrosion (around neck)
Scrolls
 o - a scroll of remove curse
Potions
 j - 2 potions of haste
Books
 c - a book of Minor Magic

   Spells                             Type                      Level
   a - Magic Dart                     Conjuration                  1
   b - Blink                          Translocation                2
   c - Call Imp                       Summoning                    2
   d - Repel Missiles                 Charms/Air                   2
   e - Slow                           Hexes                        2
   f - Conjure Flame                  Conjuration/Fire             3
   g - Mephitic Cloud                 Conjuration/Poison/Air       3
Comestibles
 d - a bread ration
 f - 2 meat rations
 h - 2 chunks of flesh
 k - a beef jerky


   Skills:
 - Level 1.5 Dodging
 - Level 2.1 Stealth
 * Level 5.2 Spellcasting
 + Level 3.7 Conjurations
   Level 0.8 Summonings
 - Level 0.8 Translocations
 - Level 0.8 Air Magic


You had 4 spell levels left.
You knew the following spells:

 Your Spells              Type           Power        Failure   Level  Hunger
a - Magic Dart            Conj           ###.         1%          1    None
b - Blink                 Tloc           N/A          12%         2    None
c - Repel Missiles        Chrm/Air       #.....       14%         2    None
d - Conjure Flame         Conj/Fire      ##......     17%         3    ##.....
e - Mephitic Cloud        Conj/Pois/Air  ##......     21%         3    ##.....


Dungeon Overview and Level Annotations

Branches:
Dungeon (5/15)
 Temple: D:4-7

Altars:
Makhleb
Xom


Innate Abilities, Weirdness & Mutations

You are resistant to torment.
Your stone body is resilient (AC +4).
You are immune to poison.
You resist negative energy.
You are resistant to electric shocks.
You can survive without breathing.
You are immune to petrification.
You are immune to rotting.


Message History

Casting: Magic Dart
Confirm with . or Enter, or press ? or * to list all spells.
Aiming: Magic Dart
Press: ? - help, Shift-Dir - straight line, f/p - orc wizard
Aim: an orc wizard, wielding a dagger of venom and wearing a robe (moderately wounded)
The magic dart hits the orc wizard.
The orc wizard is heavily wounded.
The orc wizard casts a cantrip, but nothing happens.
You hit the orc wizard.
The orc wizard is severely wounded.
The orc wizard miscasts a cantrip.
The orc wizard gestures at you while chanting.
The puff of frost hits you!
* * * LOW HITPOINT WARNING * * *
You miss the orc wizard.
The orc wizard is severely wounded.
The orc wizard hits you but does no damage.
The orc wizard points at you and mumbles some strange words.
The magic dart hits you!
You die...

#. #.#.......#
..###.#.......#
###.............#
....###.#.......#
#.....†......#
#.##.#.......#
#.##.##)#.####
#....##o#...###
###@#####.#≈≈≈≈§#
#....o###.≈≈≈..§≈
#..>.))...≈§§..≈≈
#....)####≈.§§§≈§
#.....# ≈.§≈≈≈≈
#.....# ≈≈≈≈.≈≈
####### .≈≈.§≈.
.##.##. .# .#


You could see an orc wizard.

Vanquished Creatures
  An ogre (D:5)
  An orc wizard (D:4)
  Ijyb (D:2)
  2 orc priests (D:4)
  A worker ant (D:4)
  An adder (D:2)
  An adder skeleton (D:4)
  2 worms (D:4)
  3 orcs (D:4)
  6 bats
  3 giant cockroaches (D:1)
  6 goblins (D:2)
  5 hobgoblins
  7 jackals
  3 kobolds
  2 ball pythons
  2 giant geckos
  A giant gecko skeleton (D:4)
  5 giant newts
  2 rats
55 creatures vanquished.

Vanquished Creatures (others)
  2 hounds (D:4)
2 creatures vanquished.

Grand Total: 57 creatures vanquished

Notes
Turn   | Place    | Note
--------------------------------------------------------------
     0 | D:1      | Ordine the Gargoyle Wizard began the quest for the Orb.
     0 | D:1      | Reached XP level 1. HP: 10/10 MP: 4/4
   415 | D:1      | Reached XP level 2. HP: 12/15 MP: 0/6
   529 | D:1      | Learned a level 2 spell: Blink
   532 | D:1      | Learned a level 2 spell: Repel Missiles
  1059 | D:2      | Reached XP level 3. HP: 19/19 MP: 4/7
  1064 | D:2      | Learned a level 3 spell: Conjure Flame
  1183 | D:2      | Found a burning altar of Makhleb.
  1398 | D:2      | Noticed Ijyb
  1538 | D:2      | Killed Ijyb
  1538 | D:2      | Reached skill level 4 in Spellcasting
  1538 | D:2      | Reached XP level 4. HP: 18/24 MP: 0/10
  1552 | D:2      | Learned a level 3 spell: Mephitic Cloud
  1798 | D:2      | You fall through a shaft for 2 floors!
  1798 | D:4      | Noticed an ogre
  1808 | D:5      | Entered Level 5 of the Dungeon
  1818 | D:5      | Killed an ogre
  1818 | D:5      | Reached XP level 5. HP: 3/28 MP: 3/11
  2068 | D:4      | Found a shimmering altar of Xom.
  2086 | D:4      | Reached skill level 5 in Spellcasting
  2086 | D:4      | Reached XP level 6. HP: 16/32 MP: 2/13
  2242 | D:4      | Killed from afar by an orc wizard

Vault maps used:
D:1:      wheals_arrival_shading
D:2:      kennysheep_goblin_castle, old_standard_altar
D:4:      xom_confusion_cloud, serial_shops, nicolae_shop_waterfront,
          mrwooster_statue_mirror, minmay_misc_feat_tower, uniq_pikel
D:5:      nicolae_overflow_hidden_temple, temple_pool_b, serial_shops,
          nicolae_shop_waterfront, nicolae_shop_behind_doors, first_bread

Action                   |  1- 3 |  4- 6 || total
-------------------------+-------+-------++-------
Melee: Short sword       |    56 |       ||    56
       Club              |       |    40 ||    40
 Cast: Magic Dart        |    86 |    34 ||   120
       Mephitic Cloud    |       |     2 ||     2
  Use: Scroll            |     3 |     2 ||     5
       Potion            |       |     3 ||     3
  Eat: Chunk             |     1 |     4 ||     5
